 Dungeon Crawl Stone Soup version 0.27-a0-1456-gf5a116941d (webtiles) character file.

Game seed: 15886375868213352654

548 robertstho the Chopper (level 7, -1/91 HPs)
             Began as a Minotaur Berserker on July 6, 2021.
             Was a Priest of Trog.
             Slain by a lemure (5 damage)
             ... led by Pikel
             ... on level 5 of the Dungeon.
             The game lasted 00:06:10 (3858 turns).

robertstho the Chopper (Minotaur Berserker)         Turns: 3858, Time: 00:06:10

Health: -1/91      AC: 23    Str: 22    XL:     7   Next: 7%
Magic:  6/6        EV:  2    Int:  5    God:    Trog [***...]
Gold:   149        SH:  8    Dex: 10    Spells: 6/6 levels left

rFire    . . .     SeeInvis .   a - +0 hand axe
rCold    . . .     Faith    .   x - +0 kite shield
rNeg     + + +     Spirit   .   (armour currently unavailable)
rPois    +         Reflect  .   (helmet currently unavailable)
rElec    .         Harm     .   (cloak currently unavailable)
rCorr    .         Rampage  .   (gloves currently unavailable)
Will     .....     NoTele   +   (boots currently unavailable)
Stlth    +.........             (no amulet)
HPRegen  0.25/turn              r - ring of positive energy
MPRegen  0.10/turn              y - ring of positive energy

@: tree-form, on berserk cooldown, slowed, very slow
A: stationary, stasis, torment immunity, boosted hp, (horns 2), (retaliatory
headbutt), mutation resistance 1
a: Renounce Religion, Berserk, Trog's Hand


You were on level 5 of the Dungeon.
You worshipped Trog.
Trog was most pleased with you.
You were a tree.
You visited 1 branch of the dungeon, and saw 5 of its levels.

You collected 149 gold pieces.

Inventory:

Hand Weapons
 a - a +0 hand axe (weapon)
 i - a +2 flail of protection
Missiles
 j - a throwing net (quivered)
Armour
 x - a +0 kite shield (worn)
 A - a +0 plate armour (melded)
Jewellery
 r - a ring of positive energy (left branch)
 y - a ring of positive energy (right branch)
Wands
 n - a wand of mindburst (7)
Scrolls
 c - 2 scrolls of teleportation {unknown}
 d - 6 scrolls of identify {unknown}
 e - 2 scrolls of blinking {unknown}
 k - a scroll of holy word {unknown}
 u - a scroll of silence {unknown}
 v - a scroll of enchant weapon {unknown}
 w - a scroll of magic mapping {unknown}
Potions
 b - a potion of magic
 h - a potion of haste {unknown}
 l - a potion of mutation
 m - 2 potions of degeneration {unknown}
 p - 2 potions of curing {unknown}
 q - 2 potions of attraction {unknown}
 s - 2 potions of lignification
 t - a potion of heal wounds {unknown}


   Skills:
 * Level 5.6 Fighting
 + Level 6.0 Axes
 * Level 5.5 Armour
 * Level 3.8 Dodging
 + Level 1.0 Shields


You had 6 spell levels left.
You didn't know any spells.
Your spell library was empty.

Dungeon Overview and Level Annotations

Branches:
Dungeon (5/15)             Temple (0/1) D:4

Altars:
Nemelex Xobeh
Uskayaw

Annotations:
D:5 Pikel


Innate Abilities, Weirdness & Mutations

You are a tree.
Your roots penetrate the ground, keeping you stationary.
You cannot be teleported.
You are immune to unholy pain and torment.
Your maximum health is greatly increased.
Your equipment is partially melded.
((You have a pair of horns on your head.))
((You reflexively headbutt those who attack you in melee.))
You are somewhat resistant to further mutation.


Message History

You feel your anger nearly subside.
You hear an angry hiss. x2
Found 25 stones.
You are no longer berserk.
You are exhausted.
You feel yourself slow down.
There is an open door here.
Pikel says, "Time is money, and you're costing me too much!"
The lemure hits you but does no damage. Pikel hits you but does no damage.
You block Pikel's attack.
You hit Pikel but do no damage. You headbutt Pikel!
Pikel is lightly wounded.
You hit the lemure. The lemure hits you. Pikel hits you but does no damage.
You are electrocuted!!
* * * LOW HITPOINT WARNING * * *
The lemure hits you but does no damage.
You hit Pikel. You headbutt Pikel.
Pikel is moderately wounded.
You hit the lemure but do no damage. Pikel hits you but does no damage.
You block the lemure's attack.
Pikel hits you with a +0 whip of electrocution.
* * * LOW HITPOINT WARNING * * *
The lemure barely misses you. You furiously retaliate!
You headbutt the lemure!
It was a potion of magic.
Magic courses through your body. Pikel hits you but does no damage.
The lemure hits you.
* * * LOW HITPOINT WARNING * * *
Pikel hits you but does no damage.
It was a potion of mutation.
You feel extremely strange.
You feel genetically stable. The lemure hits you.
* * * LOW HITPOINT WARNING * * *
Pikel hits you with a +0 whip of electrocution.
* * * LOW HITPOINT WARNING * * *
The lemure barely misses you. You furiously retaliate!
You headbutt the lemure!
It was a potion of lignification.
You turn into a tree.
Your +0 plate armour melds into your body.
Your roots penetrate the ground.
Pikel scowls and wipes his hands on his robe.
You block Pikel's attack. The lemure hits you.
You die...

####.........
#..#..######.
#..........+
#####'##.#.#####
#........#.#
#......5##.#
#.......# ..
#......5######
........[555♣K(#
##........####.#
#........# ..
..........# .#
##.#....... ..
#########. ## .


You could see Pikel and 4 lemures.

Vanquished Creatures
  An ogre (D:4)
  A scorpion (D:5)
  2 orc priests (D:4)
  2 bullfrog skeletons (D:4)
  A hound (D:4)
  Terence (D:2)
  Natasha (thrice) (D:2)
  An orc wizard (D:4)
  A hound zombie (D:5)
  2 adders
  2 worms (D:3)
  2 dart slugs
  12 orcs
  3 ball pythons
  5 endoplasms
  3 giant cockroaches
  4 goblins
  5 hobgoblins
  17 jackals
  4 quokkas
  5 bats
  3 frilled lizards
  5 kobolds
  8 rats
93 creatures vanquished.

Notes
Turn   | Place    | Note
-------+----------+-------------------------------------------
     0 | D:1      | robertstho the Minotaur Berserker began the quest for the
                  | Orb.
     0 | D:1      | Reached XP level 1. HP: 19/19 MP: 0/0
    51 | D:1      | Reached XP level 2. HP: 20/27 MP: 1/1
   325 | D:1      | Reached skill level 4 in Axes
   654 | D:2      | Noticed Terence
   666 | D:2      | Killed Terence
   667 | D:2      | Reached XP level 3. HP: 31/34 MP: 2/2
  1317 | D:2      | Reached ** piety under Trog
  1335 | D:2      | Found a faded altar of an unknown god.
  1401 | D:2      | Noticed Natasha
  1408 | D:2      | Killed Natasha
  1409 | D:2      | Reached XP level 4. HP: 41/41 MP: 3/3
  1717 | D:2      | Noticed Natasha
  1725 | D:2      | Killed Natasha
  1781 | D:2      | Noticed Natasha
  1785 | D:2      | Killed Natasha
  1786 | D:2      | Reached XP level 5. HP: 43/47 MP: 4/4
  2289 | D:3      | Reached skill level 5 in Axes
  2875 | D:4      | Reached skill level 5 in Fighting
  2933 | D:4      | Noticed an ogre
  2942 | D:4      | Killed an ogre
  2943 | D:4      | Reached XP level 6. HP: 56/56 MP: 5/5
  2946 | D:4      | Reached skill level 5 in Armour
  3064 | D:4      | Reached *** piety under Trog
  3273 | D:4      | Found a sparkling altar of Nemelex Xobeh.
  3338 | D:4      | Found a hide-covered altar of Uskayaw.
  3726 | D:4      | Found a staircase to the Ecumenical Temple.
  3820 | D:5      | Entered Level 5 of the Dungeon
  3820 | D:5      | Noticed Pikel
  3847 | D:5      | Reached skill level 6 in Axes
  3847 | D:5      | Reached skill level 1 in Shields
  3847 | D:5      | Reached XP level 7. HP: 58/61 MP: 6/6
  3857 | D:5      | Gained mutation: You are somewhat resistant to further
                  | mutation. [potion of mutation]
  3857 | D:5      | HP: 2/61 [Pikel (6)]
  3858 | D:5      | Slain by a lemure

Illustrated notes

Levels and vault maps discovered:
D:1:      roderic_crossed_star, layout_rooms
D:2:      layout_basic, chequers_ecumenical_altar_island, solitary_fountain,
          wad_orctagon, uniq_terence, uniq_natasha
D:3:      layout_basic, roderic_roman_lattice, minmay_hedge_maze, st_stairs_13,
          minivault_25, serial_bayou_pond_a, chequers_serial_rivers_large_a,
          minmay_ruptured
D:4:      layout_rooms, nicolae_overflow_crystal_walls, nemelex_altar_shiori,
          minmay_temple_entry_proselytizer
D:5:      cheibrodos_barr_body, layout_basic, grunt_temple_overflow_cloverleaf,
          guppyfry_early_lair_pool, uniq_pikel, uniq_menkaure, uniq_duvessa

Skill      XL: |  1  2  3  4  5  6 |
---------------+-------------------+-----
Fighting       | 4 5 |  5.6
Axes           | 4 5 6 |  6.0
Armour         | 3 4 5 |  5.5
Dodging        | 3 |  3.8
Shields        | 1 |  1.0

Action                   |  1- 3 |  4- 6 |  7- 9 || total
-------------------------+-------+-------+-------++-------
Melee: Hand axe          |    66 |   180 |     2 ||   248
       Headbutt          |     8 |    45 |     2 ||    55
Invok: Berserk           |     2 |     2 |       ||     4
  Use: Potion            |       |       |     3 ||     3
 Stab: Sleeping          |     1 |       |       ||     1
Armor: Animal skin       |     6 |       |       ||     6
       Chain mail        |    24 |    42 |       ||    66
       Ring mail         |     2 |       |       ||     2
       Plate armour      |       |    50 |     7 ||    57
Dodge: Dodged            |    34 |    51 |     2 ||    87
Block: Kite shield       |       |    36 |     5 ||    41

Table legend: (Time is in decaauts)
 A = Elapsed time spent in this place.
 B = Non-inter-level travel time spent in this place.
 C = Inter-level travel time spent in this place.
 D = Time resting spent in this place.
 E = Time spent auto-exploring this place.
 F = Levels seen in this place.
 G = Mean time per level.
                   A        B        C        D        E       F      G
               +--------+--------+--------+--------+--------+-----+--------+
         Total |   3928 |   3784 |    144 |      0 |   3093 |   5 |  785.6 |
       Dungeon |   3928 |   3784 |    144 |      0 |   3093 |   5 |  785.6 |
               +--------+--------+--------+--------+--------+-----+--------+

Top non-repeatable levels by time:
     D:2: 1371 daAuts
     D:4: 978 daAuts
     D:3: 942 daAuts
     D:1: 596 daAuts
     D:5: 41 daAuts
